 Dungeon Crawl Stone Soup version 0.22-a0-608-g8a62e23 (webtiles) character file.

53 sking99 the Insei (level 3, -1/26 HPs)
             Began as a Merfolk Transmuter on July 10, 2018.
             Slain by an adder (2 damage)
             ... on level 2 of the Dungeon.
             The game lasted 00:02:08 (2078 turns).

sking99 the Insei (Merfolk Transmuter)              Turns: 2078, Time: 00:02:10

Health: -1/26      AC:  2    Str:  8 (10) XL:     3   Next: 89%
Magic:  6/6        EV: 13    Int: 12 (13) God:
Gold:   77         SH:  0    Dex: 13 (14) Spells: 4/7 levels left

rFire    . . .     SeeInvis .     - Unarmed
rCold    . . .     Gourm    .   (no shield)
rNeg     . . .     Faith    .   b - +0 robe
rPois    .         Spirit   .   (no helmet)
rElec    .         Reflect  .   (no cloak)
rCorr    .         Harm     .   (no gloves)
MR       .....                  (no boots)
Stlth    +.........             (no amulet)
HPRegen  0.08/turn              (no ring)
MPRegen  0.10/turn              (no ring)

@: lethally poisoned (-1 -> -5)
A: change form in water, swift swim, stealthy swim
a: no special abilities


You were on level 2 of the Dungeon.
You were hungry.

You visited 1 branch of the dungeon, and saw 2 of its levels.

You collected 77 gold pieces.

Inventory:

Missiles
 a - 12 arrows
Armour
 b - a +0 robe (worn)
Jewellery
 j - an uncursed ring of flight {unknown}
Scrolls
 e - a scroll of fear {unknown}
 h - a scroll of amnesia {unknown}
 i - a scroll of magic mapping {unknown}
 k - a scroll of identify {unknown}
Comestibles
 d - 7 rations


   Skills:
 - Level 1.1 Fighting
 - Level 2.6 Dodging
 * Level 4.3 Unarmed Combat
 + Level 2.5 Spellcasting
 + Level 3.5 Transmutations


You had 4 spell levels left.
You knew the following spells:

 Your Spells              Type           Power        Failure   Level  Hunger
a - Beastly Appendage     Tmut           ##....       6%          1    #......
b - Sticks to Snakes      Tmut           ##......     9%          2    ###....

Your spell library contained the following spells:

 Spells                   Type           Power        Failure   Level  Hunger
 Spider Form              Tmut/Pois      #.........   36%         3    ###....
 Blade Hands              Tmut           ##........   86%         5    ######.
 Ice Form                 Ice/Tmut       #.......     77%         4    #####..


Dungeon Overview and Level Annotations

Branches:
Dungeon (2/15)

Altars:


Message History

You closely miss the adder.
The adder is moderately wounded.
The adder bites you.
* * * LOW HITPOINT WARNING * * *
You are poisoned.
The adder poisons you!
You miss the adder.
The adder is moderately wounded.
* * * LOW HITPOINT WARNING * * *
You feel sick. The adder bites you but does no damage.
You hit the adder.
The adder is heavily wounded.
The adder bites you but does no damage.
You barely miss the adder.
The adder is heavily wounded.
* * * LOW HITPOINT WARNING * * *
You feel sick. The adder bites you.
* * * LOW HITPOINT WARNING * * *
The adder bites you.
You die...

#..#########..#
#.. ..........#
#########.# #.#
######.#
#......#
#.#.########
##........
#@########
#......S#
#.#####.# #.#
..# ###


You could see an adder.

Vanquished Creatures
  3 adders (D:2)
  A worm (D:2)
  A dart slug (D:1)
  A leopard gecko (D:2)
  A ball python (D:2)
  2 bats (D:1)
  2 giant cockroaches
  A goblin (D:2)
  2 hobgoblins (D:1)
  2 frilled lizards (D:1)
  3 kobolds (D:2)
  4 rats
23 creatures vanquished.

Notes
Turn   | Place    | Note
-------+----------+-------------------------------------------
     0 | D:1      | sking99 the Merfolk Transmuter began the quest for the Orb.
     0 | D:1      | Reached XP level 1. HP: 15/15 MP: 3/3
   228 | D:1      | Reached XP level 2. HP: 15/21 MP: 5/5
  1046 | D:2      | Learned a level 2 spell: Sticks to Snakes
  1092 | D:2      | Reached XP level 3. HP: 19/26 MP: 6/6
  1260 | D:2      | Reached skill level 4 in Unarmed Combat
  1502 | D:2      | HP: 1/26 [poisoned by an adder]
  2078 | D:2      | HP: 1/26 [adder (4)]
  2078 | D:2      | Slain by an adder

Vault maps used:
D:1:      tarquinn_simple_flora_water_b
D:2:      lemuel_round_altar, first_ration

Skill      XL: |  1  2  3 |
---------------+----------+-----
Transmutations | 3 |  3.5
Unarmed Combat | 4 |  4.3
Fighting       | |  1.1
Dodging        | |  2.6
Spellcasting   | |  2.5

Action                   || total
-------------------------++-------
Melee: Unarmed           ||   116
       Headbutt          ||     3
       Punch             ||     1
 Cast: Beastly Appendage ||     3
  Use: Potion            ||     2
 Stab: Sleeping          ||     2
  Eat: Chunk             ||     3
Armor: Robe              ||    20
Dodge: Dodged            ||    83

Table legend:
 A = Spawn XP
 B = Non-spawn XP
 C = Spawn XP percentage of total XP
 D = Spawn monster count
 E = Non-spawn monster count
 F = Spawn count percentage of total count
 G = Total turns spent on level
                    A         B        C        D         E        F      G
               +---------+---------+-------+---------+---------+-------+---------
         Total |       0 |      77 |   0.0 |       0 |      23 |   0.0 |  2078
               +---------+---------+-------+---------+---------+-------+---------
           D:1 |       0 |      19 |   0.0 |       0 |      11 |   0.0 |  1022
           D:2 |       0 |      58 |   0.0 |       0 |      12 |   0.0 |  1056
               +---------+---------+-------+---------+---------+-------+---------
